 Dungeon Sprint DCSS version 0.30-a0-830-gfe289a77b0 (webtiles) character file.

Game seed: 9163297496910815563

2100000 BigDaddyOpFi the Acrobat (level 17, -88/133 HPs)
             Began as a Djinni Conjurer on Feb 28, 2023.
             Was an Elder of Makhleb.
             Annihilated by a large bag of meat
             ... wielding a +9 giant spiked club
              (118 damage)
             ... in the Dungeon (Sprint VIII: "Arena of Blood").
             The game lasted 00:00:31 (21 turns).

BigDaddyOpFi the Acrobat (Djinni Conjurer)            Turns: 21, Time: 00:00:31

Health: -88/133    AC:  3    Str:  6    XL:     17   Next: 62%
Gold:   0          EV: 29    Int: 22    God:    Makhleb [****..] SH:  0 Dex: 18

rFire   + + .      SeeInvis .    g - +∞ Axe of Woe
rCold   x . .      Faith    .    (shield currently unavailable)
rNeg    . . .      Spirit   .    a - +0 robe
rPois   ∞          Reflect  .    (no helmet)
rElec   .          Harm     .    (no cloak)
rCorr   .          Rampage  .    (no gloves)
Will    +....      NoTele   +    (boots unavailable)
Stlth   ++++++++                 (no amulet)
HPRegen 0.42/turn                (no ring)
MPRegen 0.00/turn                (no ring)

@: swift (expiring), flying, very quick
A: sickness immunity, fire resistance 2, cold vulnerability 1, float, innate
caster, HP casting, extra vitality 1
a: Renounce Religion, Minor Destruction, Lesser Servant of Makhleb, Major
Destruction


You were in the Dungeon.
You worshipped Makhleb.
Makhleb was greatly pleased with you.
You visited 1 branch

Inventory:

Hand Weapons
 g - the +∞ Axe of Woe (weapon)
   (You found it in the Dungeon)
Armour
 a - a +0 robe (worn)
Scrolls
 f - a scroll of blinking
Potions
 b - a potion of curing
 c - a potion of heal wounds
 d - a potion of haste
 e - a potion of berserk rage


   Skills:
 + Level 16.2 Fighting
 + Level 13.8 Axes
 + Level 16.1 Armour
 + Level 24.7 Dodging
 + Level 21.2 Stealth
 + Level 16.2 Unarmed Combat
 + Level 18.4 Spellcasting
 + Level 16.2 Invocations


You knew the following spells:

 Your Spells              Type           Power      Damage    Failure   Level
a - Magic Dart            Conj           100%       1d8       0%          1
b - Searing Ray           Conj           100%       2d8       0%          2
c - Dazzling Flash        Conj/Hex       100%       N/A       0%          3
d - Fulminant Prism       Conj/Hex       40%        3d19      0%          4
e - Iskenderun's Mystic   Conj/Tloc      80%        2d16      0%          4
f - Freeze                Ice            100%       1d10      0%          1
g - Poisonous Vapours     Pois/Air       100%       N/A       0%          2
h - Frozen Ramparts       Ice            100%       1d16      0%          3
i - Swiftness             Air            80%        N/A       0%          3
j - Cause Fear            Hex            40%        N/A       0%          4
k - Alistair's Intoxicat  Tmut/Pois      53%        N/A       1%          5
l - Eringya's Noxious Bo  Tmut/Pois      40%        N/A       1%          6
m - Summon Hydra          Summ           40%        N/A       1%          7
Your spell library was empty.

Dungeon Overview and Level Annotations

Branches:
Dungeon (1/1)

Altars:
Makhleb


Innate Abilities, Weirdness & Mutations

You are immune to sickness and miasma.
You are immune to poison.
Your flesh is very heat resistant. (rF++)
You are vulnerable to cold. (rC-)
You float through the air rather than walking.
You learn spells naturally, not from books.
Your magical power is your life essence.
You have superior vitality. (+4 MHP)


Message History

Your Spellcasting skill increases to level 18!
Your Invocations skill gained 2 levels and is now at level 15!
You have reached level 17!
The power to cast Summon Hydra wells up from within.
Spell assigned to 'm'.
The bag of meat shouts!
You slash the bag of meat!
You hew the bag of meat savagely.
You kill the bag of meat!
Makhleb accepts your kill.
You can now hurl Makhleb's greater destruction.
You hear a shout! x2
The meat berserker rages.
You hear a shout! x5
A meat berserker comes into view. It is wielding a +9 battleaxe.
A bag of meat comes into view. It is wielding a +9 war axe.
You hear a shout! x8
Your Fighting skill increases to level 16!
Your Armour skill increases to level 16!
Your Unarmed Combat skill increases to level 16!
Your Invocations skill increases to level 16!
A destroyer comes into view. It is wielding a +9 heavy great sword.
Unknown command.
You hit the bag of meat.
You butcher the bag of meat messily.
You kill the bag of meat!
Makhleb accepts your kill.
You slash the bag of meat! You chop the bag of meat into pieces.
You kill the bag of meat!
Makhleb accepts your kill.
You slash the meat berserker!
You butcher the meat berserker messily.
You kill the meat berserker!
Makhleb accepts your kill.
You hear a shout! x5
The meat berserker rages.
You hear a shout!
The large bag of meat hits you with a +9 giant spiked club!!!!
Ouch! That really hurt!
* * * LOW HITPOINT WARNING * * *
The large bag of meat hits you with a +9 giant spiked club!!!!
Ouch! That really hurt!
You die...

#. ...# #.. ...#
. .###..
...###...
......###........
......_..... ...
#.....# .O..
#_.<._# .....
..#.).))#......
......_)@)O.....
o.....###O)....V.
.###.. .O.###..o
#.. ....# .. #.
.o...# .........
........
..........


You could see a destroyer, 2 large bags of meat, 2 meat berserkers and 2 bags of
meat.

Vanquished Creatures
  7 ogres (D)
  9 orcs (D)
16 creatures vanquished.

Notes
Turn   | Place    | Note
-------+----------+-------------------------------------------
     0 | D        | Found the +∞ Axe of Woe
     0 | D        | BigDaddyOpFi the Djinni Conjurer began the quest for the
                  | Orb.
     0 | D        | BigDaddyOpFi set off with the following spells memorised:
                  | Magic Dart, Searing Ray, Dazzling Flash, Fulminant Prism,
                  | Iskenderun's Mystic Blast.
     0 | D        | Reached XP level 1. HP: 15/15 MP: 0/0
     0 | D        | Noticed a bag of meat
     2 | D        | Noticed a bag of meat
     2 | D        | Killed a bag of meat
     2 | D        | Killed a bag of meat
     2 | D        | Noticed a bag of meat
     2 | D        | Noticed a bag of meat
     3 | D        | Reached skill level 18 in Dodging
     3 | D        | Reached XP level 2. HP: 21/21 MP: 0/0
     3 | D        | Reached XP level 3. HP: 25/25 MP: 0/0
     3 | D        | Learned a level 1 spell: Freeze
     3 | D        | Reached XP level 4. HP: 31/31 MP: 0/0
     3 | D        | Reached XP level 5. HP: 35/35 MP: 0/0
     3 | D        | Learned a level 2 spell: Poisonous Vapours
     3 | D        | Reached XP level 6. HP: 40/40 MP: 0/0
     3 | D        | Reached XP level 7. HP: 45/45 MP: 0/0
     3 | D        | Learned a level 3 spell: Frozen Ramparts
     3 | D        | Reached XP level 8. HP: 50/50 MP: 0/0
     3 | D        | Reached XP level 9. HP: 55/55 MP: 0/0
     3 | D        | Learned a level 3 spell: Swiftness
     3 | D        | Reached XP level 10. HP: 60/60 MP: 0/0
     3 | D        | Reached XP level 11. HP: 65/65 MP: 0/0
     3 | D        | Learned a level 4 spell: Cause Fear
     3 | D        | Reached XP level 12. HP: 70/70 MP: 0/0
     3 | D        | Noticed a meat berserker
     5 | D        | Became a worshipper of Makhleb the Destroyer
     8 | D        | Killed a meat berserker
     8 | D        | Noticed a meat berserker
     9 | D        | Reached skill level 5 in Axes
     9 | D        | Reached skill level 20 in Dodging
     9 | D        | Reached XP level 13. HP: 87/89 MP: 0/0
     9 | D        | Learned a level 5 spell: Alistair's Intoxication
    10 | D        | Noticed a bag of meat
    11 | D        | Noticed a bag of meat
    11 | D        | Noticed a meat berserker
    11 | D        | Noticed a bag of meat
    12 | D        | Killed a meat berserker
    12 | D        | Reached * piety under Makhleb
    12 | D        | Noticed a bag of meat
    12 | D        | Noticed a meat berserker
    13 | D        | Reached skill level 15 in Spellcasting
    13 | D        | Reached XP level 14. HP: 101/101 MP: 0/0
    13 | D        | Noticed a bag of meat
    13 | D        | Noticed a meat berserker
    14 | D        | Noticed a bag of meat
    15 | D        | Noticed a meat berserker
    15 | D        | Noticed a bag of meat
    16 | D        | Noticed a large bag of meat
    17 | D        | Killed a meat berserker
    17 | D        | Killed a meat berserker
    17 | D        | Noticed a meat berserker
    18 | D        | Reached skill level 10 in Axes
    18 | D        | Reached skill level 22 in Dodging
    18 | D        | Reached XP level 15. HP: 112/112 MP: 0/0
    18 | D        | Learned a level 6 spell: Eringya's Noxious Bog
    18 | D        | Reached ** piety under Makhleb
    18 | D        | Killed a meat berserker
    18 | D        | Noticed a meat berserker
    18 | D        | Noticed a large bag of meat
    19 | D        | Reached skill level 23 in Dodging
    19 | D        | Reached XP level 16. HP: 50/121 MP: 0/0
    19 | D        | Killed a meat berserker
    19 | D        | Reached *** piety under Makhleb
    20 | D        | Reached skill level 15 in Fighting
    20 | D        | Reached skill level 15 in Armour
    20 | D        | Reached skill level 24 in Dodging
    20 | D        | Reached skill level 15 in Unarmed Combat
    20 | D        | Reached skill level 15 in Invocations
    20 | D        | Reached XP level 17. HP: 133/133 MP: 0/0
    20 | D        | Learned a level 7 spell: Summon Hydra
    20 | D        | Reached **** piety under Makhleb
    20 | D        | Noticed a meat berserker
    21 | D        | Noticed a destroyer
    21 | D        | Killed a meat berserker
    21 | D        | Annihilated by a large bag of meat

Illustrated notes

Levels and vault maps discovered:
D:        meatsprint

Skill      XL: |  1  2  3  4  5  6  7  8  9 10 11 12 13 14 15 16 17 |
---------------+----------------------------------------------------+-----
Dodging        | 18 20 22 23 24 | 24.7
Stealth        | 16 17 19 21 | 21.2
Spellcasting   | 14 15 16 17 18 | 18.4
Fighting       | 6 9 11 13 15 16 | 16.2
Axes           | 5 7 10 11 13 | 13.8
Armour         | 6 8 11 13 15 16 | 16.1
Unarmed Combat | 6 9 11 13 15 16 | 16.2
Invocations    | 6 9 11 13 15 16 | 16.2

Action                     |  1- 3 |  4- 6 |  7- 9 | 10-12 | 13-15 | 16-18 || total
---------------------------+-------+-------+-------+-------+-------+-------++-------
  Melee: Executioner's axe |     1 |       |       |     1 |     3 |     3 ||     8
   Cast: Swiftness         |       |       |       |     1 |       |       ||     1
  Dodge: Dodged            |       |       |       |       |     1 |       ||     1

Table legend: (Time is in decaauts)
 A = Elapsed time spent in this place.
 B = Non-inter-level travel time spent in this place.
 C = Inter-level travel time spent in this place.
 D = Time resting spent in this place.
 E = Time spent auto-exploring this place.
 F = Levels seen in this place.
 G = Mean time per level.
                   A        B        C        D        E       F      G
               +--------+--------+--------+--------+--------+-----+--------+
         Total |     23 |     23 |      0 |      0 |      0 |   1 |   23.0 |
       Dungeon |     23 |     23 |      0 |      0 |      0 |   1 |   23.0 |
               +--------+--------+--------+--------+--------+-----+--------+

Top non-repeatable levels by time:
       D: 23 daAuts
